 Dungeon Crawl Stone Soup version 0.26-a0-639-g72c4674329 (webtiles) character file.

Game seed: 16989758368567695202

32 Apogee the Fighter (level 3, 0/45 HPs)
             Began as a Minotaur Chaos Knight on Sept 25, 2020.
             Was a Plaything of Xom.
             Slain by an adder (4 damage)
             ... on level 2 of the Dungeon.
             The game lasted 00:00:55 (654 turns).

Apogee the Fighter (Minotaur Chaos Knight)           Turns: 654, Time: 00:00:55

Health: 0/45       AC:  5    Str: 17    XL:     3   Next: 8%
Magic:  2/2        EV: 11    Int:  9    God:    Xom [....*.]
Gold:   40         SH:  0    Dex:  9    Spells: 2/2 levels left

rFire    . . .     SeeInvis .   a - +0 hand axe (chaos)
rCold    . . .     Faith    .   (no shield)
rNeg     . . .     Spirit   .   b - +2 leather armour
rPois    .         Reflect  .   (helmet restricted)
rElec    .         Harm     .   (no cloak)
rCorr    .         Rampage  .   (no gloves)
MR       .....                  (no boots)
Stlth    +.........             (no amulet)
HPRegen  0.15/turn              (no ring)
MPRegen  0.08/turn              (no ring)

@: lethally poisoned (0 -> -2)
A: retaliatory headbutt, horns 2
a: Renounce Religion


You were on level 2 of the Dungeon.
You worshipped Xom.
You were a beloved toy of Xom.
You visited 1 branch of the dungeon, and saw 2 of its levels.

You collected 40 gold pieces.

Inventory:

Hand Weapons
 a - a +0 hand axe of chaos (weapon)
Armour
 b - a +2 leather armour (worn)
Scrolls
 c - a scroll of remove curse {unknown}
 d - 4 scrolls of identify {unknown}
 h - a scroll of amnesia {unknown}
 i - 2 scrolls of fog {unknown}
Potions
 e - 2 potions of haste {unknown}
 f - a potion of brilliance {unknown}
 g - a potion of flight {unknown}
 j - a potion of experience
 k - a potion of stabbing {unknown}


   Skills:
 + Level 9.8 Fighting
 * Level 7.3 Axes
 + Level 2.7 Armour
 - Level 1.1 Dodging
 - Level 0.6 Unarmed Combat


You had 2 spell levels left.
You didn't know any spells.
Your spell library was empty.

Dungeon Overview and Level Annotations

Branches:
Dungeon (2/15)

Altars:


Innate Abilities, Weirdness & Mutations

You reflexively headbutt those who attack you in melee.
You have a pair of horns on your head.


Message History

Xom is highly amused!
You feel sick. The adder barely misses you.
You barely miss the adder.
You feel sick. The adder closely misses you. The adder barely misses you.
You hit the adder but do no damage. The adder completely misses you.
You furiously retaliate!
You headbutt the adder.
Unknown command.
You miss the adder.
You feel sick. The adder barely misses you. The adder closely misses you.
Unknown command.
You barely miss the adder. The adder barely misses you.
Unknown command.
You closely miss the adder. Your headbutt misses the adder.
The adder bites you.
You are more poisoned.
The adder poisons you! The adder bites you.
Unknown command.
You closely miss the adder.
You feel sick. The adder bites you.
* * * LOW HITPOINT WARNING * * *
You are too injured to fight recklessly!
Unknown command.
You are too injured to fight recklessly!
Unknown command.
Unknown command.
You are too injured to fight recklessly!
You miss the adder. Your headbutt misses the adder.
You feel sick. The adder barely misses you. The adder bites you.
* * * LOW HITPOINT WARNING * * *
You hit the adder. You burn the adder. Your headbutt misses the adder.
The adder barely misses you.
Unknown command.
You completely miss the adder.
You feel sick. The adder bites you.
* * * LOW HITPOINT WARNING * * *
The adder bites you but does no damage.
You barely miss the adder. The adder misses you.
Unknown command.
You barely miss the adder.
* * * LOW HITPOINT WARNING * * *
You feel sick. The adder barely misses you.
It was a potion of experience.
You feel more experienced!
Your Fighting skill gained 5 levels and is now at level 9!
Your Axes skill gained 4 levels and is now at level 7!
Xom thinks this is hilarious!
You have reached level 3!
Your experience leads to an increase in your attributes!
Increase (S)trength, (I)ntelligence, or (D)exterity?
You feel stronger. The adder closely misses you. The adder bites you.
You die...

### ..#
#.###
###.#<#
######.#.#.#
.......#.#.#
.......#.#.#
#........#
#....@##.#
#....S.....+
#......##.##
#......##.#
#......##.#
#..........
#.###... ..
#. #.##


You could see an adder (agile).

Vanquished Creatures
  A ball python (D:1)
  A bat (D:1)
  A giant cockroach (D:1)
  A hobgoblin (D:1)
  3 frilled lizards (D:1)
  4 rats (D:1)
11 creatures vanquished.

Notes
Turn   | Place    | Note
-------+----------+-------------------------------------------
     0 | D:1      | Apogee the Minotaur Chaos Knight began the quest for the
                  | Orb.
     0 | D:1      | Reached XP level 1. HP: 19/19 MP: 0/0
   268 | D:1      | Reached skill level 4 in Fighting
   338 | D:1      | Reached XP level 2. HP: 26/27 MP: 1/1
   361 | D:1      | XOM: divination: detect creatures
   654 | D:2      | Reached skill level 9 in Fighting
   654 | D:2      | Reached XP level 3. HP: 4/45 MP: 2/2
   654 | D:2      | Slain by an adder

Illustrated notes

Levels and vault maps discovered:
D:1:      dpeg_arrival_shrine, layout_loops_ring, minmay_misc_feat_tower
D:2:      layout_basic

Skill      XL: |  1  2 |
---------------+-------+-----
Fighting       | 4 9 |  9.8
Axes           | 7 |  7.3
Armour         | |  2.7
Dodging        | |  1.1
Unarmed Combat | |  0.6

Action                   || total
-------------------------++-------
Melee: Hand axe          ||    30
       Headbutt          ||     2
  Use: Potion            ||     1
Armor: Leather armour    ||     7
Dodge: Dodged            ||    19

Table legend: (Time is in decaauts)
 A = Elapsed time spent in this place.
 B = Non-inter-level travel time spent in this place.
 C = Inter-level travel time spent in this place.
 D = Time resting spent in this place.
 E = Time spent auto-exploring this place.
 F = Levels seen in this place.
 G = Mean time per level.
                   A        B        C        D        E       F      G
               +--------+--------+--------+--------+--------+-----+--------+
         Total |    657 |    644 |     13 |      0 |    561 |   2 |  328.5 |
       Dungeon |    657 |    644 |     13 |      0 |    561 |   2 |  328.5 |
               +--------+--------+--------+--------+--------+-----+--------+

Top non-repeatable levels by time:
     D:1: 634 daAuts
     D:2: 23 daAuts
